[Event "FIDE WCCC Open-10 2024"]
[Site "Montesilvano"]
[Date "2024.11.24"]
[Round "9.10"]
[White "Thorulsley, Kairaav"]
[Black "Barsov, Mikhail"]
[Result "0-1"]
[Annotator "NA RC"]
[ECO "D00"]
[WhiteElo "1520"]
[BlackElo "1668"]
[PlyCount "117"]
[EventDate "2024.11.18"]
[EventType "swiss"]
[EventCountry "ITA"]
[SourceTitle "playchess.com"]
[Source "ChessBase"]
[SourceQuality "1"]
[TimeControl "5400+30"]

1. d4 d5 2. Nc3 Nf6 3. Bf4 e6 4. e3 Bb4 5. Bd3 c5 6. dxc5 Nbd7 7. Nge2 a6 8. a3 Bxc5 9. Bg5 h6 10. Bxf6 Nxf6 11. O-O O-O 12. Nf4 b5 13. Qd2 Bb7 14. Nfe2 e5 15. Ng3 Qc7 16. e4 d4 17. Nce2 Rfe8 18. Kh1 Rad8 19. f3 Bf8 20. Nf5 Nd7 21. Rac1 Nc5 22. Kg1 Kh7 23. Rfd1 g6 24. Nfg3 Be7 25. Rb1 Bg5 26. Qe1 Kg7 27. Kh1 h5 28. Nf1 h4 29. h3 Rh8 30. Nh2 Bc8 31. Nf1 Be6 32. b4 Na4 33. Kh2 Rc8 34. Kh1 Qe7 35. Kh2 Nc3 36. Nxc3 Rxc3 37. Ra1 Rhc8 38. Qe2 Bc4 39. Qe1 Qc7 40. Kh1 Bxd3 41. cxd3 Rb3 42. Ra2 Qc3 43. Nd2 Rxa3 44. Rxa3 Qxa3 45. Rb1 Qxd3 46. Nb3 Be7 47. Rb2 Rc3 48. Nc1 Qc4 49. Na2 Re3 50. Qd2 Qf1+ 51. Kh2 Re1 52. Qxe1 Qxe1 53. Rb3 Bg5 54. f4 Bxf4+ 55. g3 Bxg3+ 56. Rxg3 hxg3+ 57. Kg2 Qf2+ 58. Kh1 g2+ 59. Kh2 0-1

[Event "FIDE WCCC Open-10 2024"]
[Site "Montesilvano"]
[Date "2024.11.24"]
[Round "9.18"]
[White "Youn, Laeho"]
[Black "Golya, David"]
[Result "1-0"]
[Annotator "NA RC"]
[ECO "B22"]
[WhiteElo "1520"]
[BlackElo "1672"]
[PlyCount "81"]
[EventDate "2024.11.18"]
[EventType "swiss"]
[EventCountry "ITA"]
[SourceTitle "playchess.com"]
[Source "ChessBase"]
[SourceQuality "1"]
[TimeControl "5400+30"]

1. e4 c5 2. Nf3 Nc6 3. c3 d5 4. exd5 Qxd5 5. d4 cxd4 6. cxd4 e5 7. Nc3 Bb4 8. Be3 Bg4 9. Be2 O-O-O 10. O-O Bxc3 11. bxc3 e4 12. Ne5 Nxe5 13. Bxg4+ Nd7 14. c4 Qd6 15. c5 Qf8 16. d5 f5 17. Bh3 Ne7 18. c6 bxc6 19. dxc6 Nxc6 20. Rc1 Nde5 21. Qa4 Kd7 22. Bg5 Rc8 23. Qxe4 g6 24. Rfd1+ Ke8 25. Rxc6 fxe4 26. Rxc8+ Kf7 27. Rxf8+ Rxf8 28. Rd8 Rxd8 29. Bxd8 Nc6 30. Bg5 Nb4 31. Bd2 Nd5 32. g3 Kf6 33. Kf1 Ke5 34. Ke2 Nb6 35. Be3 Kd5 36. Bxb6 axb6 37. Ke3 g5 38. Bg2 h6 39. Bxe4+ Kc4 40. Bh7 b5 41. Ke4 1-0

[Event "FIDE WCCC Open-10 2024"]
[Site "Montesilvano"]
[Date "2024.11.24"]
[Round "9.20"]
[White "Tugsbilguun, Davganamdag"]
[Black "Nguyen Truong An Khang"]
[Result "1-0"]
[Annotator "NA RC"]
[ECO "B90"]
[WhiteElo "1660"]
[BlackElo "1836"]
[PlyCount "22"]
[EventDate "2024.11.18"]
[EventType "swiss"]
[EventCountry "ITA"]
[SourceTitle "playchess.com"]
[Source "ChessBase"]
[SourceQuality "1"]
[TimeControl "5400+30"]

1. e4 c5 2. Nf3 d6 3. d4 cxd4 4. Nxd4 Nf6 5. Nc3 a6 6. f3 e5 7. Nb3 Be6 8. Be3 Nbd7 9. Qd2 b5 10. O-O-O b4 11. g4 Be7 1-0

[Event "FIDE WCCC Open-10 2024"]
[Site "Montesilvano"]
[Date "2024.11.24"]
[Round "9.39"]
[White "Czech, Emil"]
[Black "Guntaka, Aayansh"]
[Result "0-1"]
[Annotator "NA RC"]
[ECO "B23"]
[WhiteElo "1608"]
[BlackElo "1798"]
[PlyCount "78"]
[EventDate "2024.11.18"]
[EventType "swiss"]
[EventCountry "ITA"]
[SourceTitle "playchess.com"]
[Source "ChessBase"]
[SourceQuality "1"]
[TimeControl "5400+30"]

1. e4 c5 2. Nc3 g6 3. f4 Nc6 4. Nf3 Bg7 5. a4 e6 6. e5 d6 7. Bb5 d5 8. O-O Nge7 9. d4 cxd4 10. Nxd4 a6 11. Bxc6+ bxc6 12. a5 c5 13. Nb3 c4 14. Nd4 Rb8 15. Qe1 Bd7 16. Rf3 Nc6 17. Nxc6 Bxc6 18. Rg3 Bf8 19. Nd1 Be7 20. Rh3 d4 21. Qg3 Be4 22. c3 Bf5 23. Rh6 Kf8 24. cxd4 Kg7 25. Rh5 h6 26. Rxf5 exf5 27. Qf2 Rb5 28. Bd2 Rd5 29. Be3 Bb4 30. Qc2 Rxa5 31. Rxa5 Qxa5 32. Qxc4 Bd2 33. Qc6 Qa1 34. Qf6+ Kg8 35. Kf2 Qxd1 36. Bxd2 Qxd2+ 37. Kf3 g5 38. Qd8+ Kh7 39. Qd7 g4+ 0-1

[Event "FIDE WCCC Open-10 2024"]
[Site "Montesilvano"]
[Date "2024.11.24"]
[Round "9.41"]
[White "Nguyen, Huynh Minh Huy"]
[Black "Vedrickas, Vytis"]
[Result "1-0"]
[Annotator "TA"]
[ECO "D93"]
[WhiteElo "2423"]
[BlackElo "1642"]
[PlyCount "61"]
[EventDate "2024.11.18"]
[EventType "swiss"]
[EventCountry "ITA"]
[SourceTitle "playchess.com"]
[Source "ChessBase"]
[SourceQuality "1"]
[TimeControl "5400+30"]

1. d4 Nf6 2. c4 g6 3. Nf3 Bg7 4. Nc3 d5 5. Bf4 O-O 6. e3 c5 7. dxc5 Qa5 8. Rc1 dxc4 9. Bxc4 Qxc5 10. Bb3 Qa5 11. O-O Nc6 12. h3 Bf5 13. Qe2 Ne4 14. Nd5 {[%emt 0:08:08] [#] aiming for Bc7.} Rfd8 $2 (14... e5 $1 $11 {and Black is okay.} 15. Rxc6 bxc6 16. Ne7+ Kh8 17. Nxc6 Qb6 18. Ncxe5 (18. Nfxe5 $2 f6 $17) 18... Be6) 15. Bc7 $18 b6 (15... Qxd5 16. Bxd5 Rxd5) 16. Bxd8 Nxd8 {[%emt 0:00:30][%cal Bc6d8,Bd8e6,Be6c5,Bc5e4,Be4f2,Bf2d1][%mdl 32] White is clearly winning.} 17. Nxe7+ Kh8 18. Rfd1 Ne6 19. Nc6 Qc5 20. Rxc5 N6xc5 21. Bxf7 Rf8 22. Nfe5 Ng5 23. Qc4 Bf6 24. Bd5 Nge4 25. Bxe4 Nxe4 26. g4 Bxe5 27. Nxe5 {[%emt 0:00:15][%cal Bc6e5,Be5f7,Bf7h6][%mdl 32] White mates.} Nxf2 28. gxf5 Nxd1 29. Qd4 Re8 30. Nf7+ Kg8 31. Nh6+ {[%emt 0:00:08] White took control after the opening.   Weighted Error Value: White=0.03 (flawless) /Black=2.84.  Mistake:       	---       	Black=1      Inaccurate:     	---       	Black=1      OK:         	White=1     	---        Best:        	White=1     	---} 1-0